 Dungeon Sprint DCSS version 0.27-a0-401-gea03ee85fd (webtiles) character file.

Game seed: 10346438652357552948

1800000 hittemvvvvvhard the Axe Maniac (level 20, 0/231 HPs)
             Began as a Palentonga Warper on Feb 21, 2021.
             Engulfed by a cloud of flame (10 damage)
             ... in the Dungeon (Sprint VIII: "Arena of Blood").
             The game lasted 00:00:57 (18 turns).

hittemvvvvvhard the Axe Maniac (Palentonga Warper)    Turns: 18, Time: 00:00:58

Health: 0/231      AC:  6    Str: 16    XL:     20   Next: 29%
Magic:  20/49      EV: 28    Int: 15    God:
Gold:   0          SH:  0    Dex: 16    Spells: 70/70 levels left

rFire    . . .     SeeInvis +   b - +∞ Axe of Woe
rCold    . . .     Faith    .   (shield currently unavailable)
rNeg     . . .     Spirit   .   a - +0 leather armour
rPois    .         Reflect  .   (no helmet)
rElec    .         Harm     .   (no cloak)
rCorr    .         Rampage  .   (no gloves)
Will     +....     NoTele   +   (no barding)
Stlth    +.........             (no amulet)
HPRegen  0.48/turn              (no ring)
MPRegen  0.31/turn              (no ring)

@: no status effects
A: large, rugged brown scales 3, see invisible, deformed body, roll 1, armoured
tail, reflexive curl
a: Rolling Charge


You were in the Dungeon.
You visited 1 branch

Inventory:

Hand Weapons
 b - the +∞ Axe of Woe (weapon)
   (You found it in the Dungeon)
Missiles
 d - 5 boomerangs of dispersal (quivered) {=f}
Armour
 a - a +0 leather armour (worn)
Scrolls
 c - 2 scrolls of blinking {!r}
Potions
 e - a potion of curing
 f - a potion of heal wounds
 g - a potion of haste
 h - 2 potions of magic
 i - a potion of berserk rage {!q}


   Skills:
 O Level 27 Fighting
 O Level 27 Axes
 + Level 7.5 Throwing
 + Level 15.1 Armour
 O Level 27 Dodging
 + Level 24.6 Unarmed Combat
 + Level 25.6 Spellcasting
 O Level 27 Translocations


You had 70 spell levels left.
You didn't know any spells.
Your spell library contained the following spells:

 Spells                   Type           Power        Failure   Level
 Blink                    Tloc           N/A          0%          2
 Gell's Gravitas          Tloc           39%          0%          3
 Lesser Beckoning         Tloc           39%          0%          3
 Teleport Other           Tloc           79%          0%          3
 Manifold Assault         Tloc           79%          0%          4


Dungeon Overview and Level Annotations

Branches:
Dungeon (1/1)

Altars:
Makhleb


Innate Abilities, Weirdness & Mutations

You are completely covered in rugged brown scales. (AC +3, +7% HP)
You have supernaturally acute eyesight. (SInv)
Armour fits poorly on your strangely shaped body.
You can roll at nearby foes to attack.
You have a long armoured tail.
You curl defensively after being hit.


Message History

The meat berserker rages.
You hear a shout! x3
The meat berserker rages.
Your Throwing skill increases to level 6!
Your Armour skill increases to level 13!
Your Unarmed Combat skill increases to level 21!
Your Spellcasting skill increases to level 22!
You take 11 damage, and have 24/221 hp.
Unknown command.
You slash the bag of meat!
You fatally mangle the bag of meat.
You kill the bag of meat!
You slash the bag of meat!
You pulverise the bag of meat into a thin bloody mist.
You kill the bag of meat!
You hit the bag of meat. You chop the bag of meat into pieces.
You kill the bag of meat!
The bag of meat appears out of thin air!
A bag of meat comes into view. It is wielding a +9 war axe.
You are engulfed in blazing flames.
* * * LOW HITPOINT WARNING * * *
You hear a shout! x8
A bag of meat comes into view. It is wielding a +9 war axe.
You hear a shout! x5
Your Throwing skill increases to level 7!
Your Armour skill gained 2 levels and is now at level 15!
Your Unarmed Combat skill gained 3 levels and is now at level 24!
Your Spellcasting skill gained 3 levels and is now at level 25!
You have reached level 20!
You feel clever.
You take 14 damage, and have 10/231 hp.
You hit the meat berserker.
You chop the meat berserker into pieces.
You kill the meat berserker!
You slice the meat berserker!!
You chop the meat berserker into pieces.
You kill the meat berserker!
You hit the meat berserker.
You butcher the meat berserker messily.
You kill the meat berserker!
You are engulfed in blazing flames.
You die...

...o....###......
...###.o)....###.
.....#.......#
.....#.....).#..
.......o...)......
....O..).).......#
.......)°)....o.#.
......§§°.oO..##..
...#o°@..O..#.. .
....o§§§.....#..
...##.#...o......
.. .............
#....#.....###
...... .......
.... .. .......
##..... .=.....

Skill      XL: |  1  2  3  4  5  6  7  8  9 10 11 12 13 14 15 16 17 18 19 |
---------------+----------------------------------------------------------+-----
Axes           | 27 | 27.0
Fighting       | 9 17 19 22 27 | 27.0
Dodging        | 7 14 17 19 24 27 | 27.0
Translocations | 9 17 20 22 27 | 27.0
Throwing       | 1 5 7 |  7.5
Armour         | 3 12 15 | 15.1
Unarmed Combat | 7 20 24 | 24.6
Spellcasting   | 7 21 25 | 25.6

Notes
Turn   | Place    | Note
-------+----------+-------------------------------------------
     0 | D        | Found the +∞ Axe of Woe
     0 | D        | hittemvvvvvhard the Palentonga Warper began the quest for
                  | the Orb.
     0 | D        | Reached XP level 1. HP: 18/18 MP: 3/3
     1 | D        | Noticed a meat berserker
     1 | D        | Noticed a bag of meat
     2 | D        | Killed a meat berserker
     2 | D        | Noticed a bag of meat
     3 | D        | Reached skill level 27 in Axes
     3 | D        | Reached skill level 9 in Fighting
     3 | D        | Reached skill level 7 in Dodging
     3 | D        | Reached skill level 9 in Translocations
     3 | D        | Reached XP level 2. HP: 39/39 MP: 5/5
     3 | D        | Reached XP level 3. HP: 44/44 MP: 6/6
     3 | D        | Reached XP level 4. HP: 53/53 MP: 7/7
     3 | D        | Reached XP level 5. HP: 60/60 MP: 8/8
     3 | D        | Reached XP level 6. HP: 67/67 MP: 9/9
     3 | D        | Gained mutation: You curl defensively after being hit.
                  | [Palentonga growth]
     3 | D        | Reached XP level 7. HP: 74/74 MP: 10/10
     3 | D        | Reached XP level 8. HP: 83/83 MP: 11/11
     3 | D        | Reached XP level 9. HP: 88/88 MP: 12/12
     3 | D        | Reached XP level 10. HP: 97/97 MP: 13/13
     3 | D        | Reached XP level 11. HP: 103/103 MP: 14/14
     3 | D        | Reached XP level 12. HP: 111/111 MP: 15/15
     3 | D        | Reached XP level 13. HP: 118/118 MP: 16/16
     3 | D        | Noticed a meat berserker
     5 | D        | Noticed a bag of meat
     7 | D        | Killed a meat berserker
     7 | D        | Killed a bag of meat
     7 | D        | Noticed a bag of meat
     8 | D        | Reached skill level 17 in Fighting
     8 | D        | Reached skill level 14 in Dodging
     8 | D        | Reached skill level 17 in Translocations
     8 | D        | Reached XP level 14. HP: 90/149 MP: 17/17
     8 | D        | Noticed a bag of meat
     8 | D        | Noticed a bag of meat
     8 | D        | Killed a bag of meat
     8 | D        | Killed a bag of meat
     8 | D        | Noticed a bag of meat
     8 | D        | Noticed a meat berserker
     8 | D        | Noticed a bag of meat
     8 | D        | Noticed a bag of meat
     8 | D        | Noticed a bag of meat
     9 | D        | Reached skill level 19 in Fighting
     9 | D        | Reached skill level 17 in Dodging
     9 | D        | Reached skill level 20 in Translocations
     9 | D        | Reached XP level 15. HP: 100/165 MP: 18/18
     9 | D        | Noticed a meat berserker
    10 | D        | Reached skill level 21 in Fighting
    10 | D        | Reached skill level 18 in Dodging
    10 | D        | Reached skill level 21 in Translocations
    10 | D        | Noticed a meat berserker
    11 | D        | Reached skill level 22 in Fighting
    11 | D        | Reached skill level 19 in Dodging
    11 | D        | Reached skill level 22 in Translocations
    11 | D        | Reached XP level 16. HP: 109/180 MP: 19/19
    11 | D        | Noticed a large bag of meat
    11 | D        | Noticed a large bag of meat
    11 | D        | Noticed a meat berserker
    12 | D        | Reached skill level 24 in Fighting
    12 | D        | Reached skill level 21 in Dodging
    12 | D        | Reached skill level 24 in Translocations
    12 | D        | Killed a meat berserker
    12 | D        | Noticed a meat berserker
    12 | D        | Noticed a meat berserker
    13 | D        | Reached skill level 27 in Fighting
    13 | D        | Reached skill level 24 in Dodging
    13 | D        | Reached skill level 27 in Translocations
    13 | D        | Reached XP level 17. HP: 125/204 MP: 20/20
    14 | D        | Reached skill level 27 in Dodging
    14 | D        | Reached skill level 1 in Throwing
    14 | D        | Reached skill level 3 in Armour
    14 | D        | Reached skill level 7 in Unarmed Combat
    14 | D        | Reached skill level 7 in Spellcasting
    14 | D        | Reached XP level 18. HP: 83/214 MP: 20/29
    14 | D        | Killed a meat berserker
    14 | D        | Noticed a meat berserker
    15 | D        | Reached skill level 3 in Throwing
    15 | D        | Reached skill level 8 in Armour
    15 | D        | Reached skill level 14 in Unarmed Combat
    15 | D        | Reached skill level 14 in Spellcasting
    15 | D        | Noticed a meat berserker
    15 | D        | Killed a meat berserker
    15 | D        | Killed a large bag of meat
    15 | D        | HP: 44/214 [spore (39)]
    16 | D        | Reached skill level 5 in Throwing
    16 | D        | Reached skill level 12 in Armour
    16 | D        | Reached skill level 20 in Unarmed Combat
    16 | D        | Reached skill level 21 in Spellcasting
    16 | D        | Reached XP level 19. HP: 35/221 MP: 20/44
    17 | D        | Reached skill level 6 in Throwing
    17 | D        | Reached skill level 13 in Armour
    17 | D        | Reached skill level 21 in Unarmed Combat
    17 | D        | Reached skill level 22 in Spellcasting
    17 | D        | HP: 9/221 [something (15)]
    18 | D        | Reached skill level 7 in Throwing
    18 | D        | Reached skill level 15 in Armour
    18 | D        | Reached skill level 24 in Unarmed Combat
    18 | D        | Reached skill level 25 in Spellcasting
    18 | D        | Reached XP level 20. HP: 10/231 MP: 20/49
    18 | D        | Killed a meat berserker
    18 | D        | Killed a meat berserker
    18 | D        | Killed a meat berserker
    18 | D        | Engulfed by a cloud of flame

Table legend: (Time is in decaauts)
 A = Elapsed time spent in this place.
 B = Non-inter-level travel time spent in this place.
 C = Inter-level travel time spent in this place.
 D = Time resting spent in this place.
 E = Time spent auto-exploring this place.
 F = Levels seen in this place.
 G = Mean time per level.
                   A        B        C        D        E       F      G
               +--------+--------+--------+--------+--------+-----+--------+
         Total |     16 |     16 |      0 |      0 |      0 |   1 |   16.0 |
       Dungeon |     16 |     16 |      0 |      0 |      0 |   1 |   16.0 |
               +--------+--------+--------+--------+--------+-----+--------+

Top non-repeatable levels by time:
       D: 16 daAuts

Table legend:
 A = Kills in this place as a percentage of kills in entire the game.
 B = Kills by you in this place as a percentage of kills by you in the entire game.
 C = Kills by friends in this place as a percentage of kills by friends in the entire game.
 D = Other kills in this place as a percentage of other kills in the entire game.
 E = Experience gained in this place as a percentage of experience gained in the entire game.
 F = Experience gained in this place divided by the number of levels of this place that you have seen.
                   A       B       C       D       E      F
               +-------+-------+-------+-------+-------+----------------------
         Total | 100.0 | 100.0 |   N/A |   N/A | 100.0 | 622133.0
       Dungeon | 100.0 | 100.0 |   N/A |   N/A | 100.0 | 622133.0
               +-------+-------+-------+-------+-------+----------------------

Action                   |  1- 3 |  4- 6 |  7- 9 | 10-12 | 13-15 | 16-18 | 19-21 || total
-------------------------+-------+-------+-------+-------+-------+-------+-------++-------
Melee: Executioner's axe |     1 |       |       |       |     4 |     5 |     3 ||    13
 Abil: Rolling Charge    |       |       |       |       |     2 |     2 |       ||     4

Vanquished Creatures
  8 ogres (D)
  A two-headed ogre (D)
  15 orcs (D)
24 creatures vanquished. You could see a large bag of meat (inner flame), 2 meat berserkers and 7 bags of meat.

Levels and vault maps discovered:
D:        meatsprint
